AoeStats
← 客官

Lombardia

507514178Analyzed
4v4 RM · 14d ago on Sep 18, 2026· 42m 1s· 8 players
Game mode
Random Map
Map size
Large (8 player)
Population
200
Speed
Normal
Resources
Standard
Victory
Conquest
Starting age
Dark Age
Ending age
Imperial Age
RankedLock teamsTeams togetherTeam positionsShared explorationLock speedFull tech treeHidden civsTurbo modeCheats
Victory
Defeat
🇺🇸 Khmer · United States
1408
+16
🇨🇳 Koreans · China
1402
+17
🇨🇳 Tupi · China
1379
+18
🇨🇳 Slavs · China
1348
+19
🇦🇷 Malay · Argentina
1428
-18
🇸🇬 Turks · Singapore
1424
-18
🇫🇷 Italians · France
1420
-18
🇮🇳 Saracens · India
1389
-16
椒香三角铁
9:15 Loom
11:23 Feudal Age
15:57 Castle Age
14:59 Double-Bit Axe
15:48 Fletching
17:30 Horse Collar
22:37 Bodkin Arrow
24:05 Bow Saw
28:09 Husbandry
33:28 Town Watch
35:30 Wheelbarrow
37:05 Eupseong
37:15 Gold Mining
38:15 Ballistics
41:06 Imperial Age
40:18 Hand Cart
40:04 Town Patrol
40:48 Gold Shaft Mining
40:04 Stone Mining
40:31 Squires
40:17 Gambesons
40:17 Arson
41:39 Scale Mail Armor
41:50 Forging
41:57 Bracer
客官
10:02 Feudal Age
11:38 Double-Bit Axe
13:55 Castle Age
12:16 Horse Collar
18:08 Loom
18:10 Town Watch
19:41 Wheelbarrow
21:29 Gold Mining
22:04 Bow Saw
23:23 Hand Cart
23:22 Heavy Plow
23:16 Stone Mining
24:03 Gold Shaft Mining
29:23 Imperial Age
26:59 Scale Barding Armor
27:05 Forging
28:06 Chain Barding Armor
27:52 Husbandry
28:02 Bloodlines
30:01 Iron Casting
29:27 Cavalier
30:43 Plate Barding Armor
30:23 Elite Boyar
30:35 Light Cavalry
31:49 Detinets
32:10 Conscription
32:26 Scale Mail Armor
33:27 Blast Furnace
31:50 Man-at-Arms
32:31 Squires
32:54 Long Swordsman
33:40 Druzhina
34:26 Chain Mail Armor
33:42 Two-Handed Swordsman
33:46 Capped Ram
34:30 Champion
34:55 Pikeman
36:15 Hoardings
36:15 Plate Mail Armor
36:10 Heavy Scorpion
37:12 Halberdier
37:29 Siege Ram
40:06 Chemistry
39:27 Ballistics
39:12 Siege Engineers
39:19 Masonry
39:05 Murder Holes
39:02 Fletching
39:14 Padded Archer Armor
40:41 Caravan
MoTzu
7:43 Loom
10:20 Feudal Age
13:44 Castle Age
12:07 Double-Bit Axe
13:31 Horse Collar
24:29 Wheelbarrow
25:23 Bow Saw
25:16 Heavy Plow
25:06 Town Watch
26:38 Hand Cart
28:25 Bloodlines
28:46 Gold Mining
28:46 Stone Mining
28:57 Stone Mining
32:02 Imperial Age
30:54 Scale Mail Armor
31:04 Forging
31:52 Gold Shaft Mining
31:52 Stone Shaft Mining
31:22 Fletching
32:36 Scale Barding Armor
33:07 Iron Casting
32:43 Tusk Swords
33:04 Conscription
33:09 Husbandry
34:00 Elite Battle Elephant
35:43 Chain Barding Armor
37:06 Plate Barding Armor
37:34 Blast Furnace
38:41 Chemistry
39:55 Fletching
HungrySimba
10:32 Feudal Age
14:54 Castle Age
12:56 Double-Bit Axe
13:15 Horse Collar
19:27 Loom
20:23 Wheelbarrow
22:39 Stone Mining
25:07 Heavy Plow
25:20 Bow Saw
26:57 Hand Cart
27:14 Town Watch
27:21 Fletching
30:27 Imperial Age
28:51 Fletching
29:02 Padded Archer Armor
30:49 Leather Archer Armor
30:30 Bodkin Arrow
31:08 Ballistics
32:27 Chemistry
31:55 Conscription
32:06 Elite Blackwood Archer
33:09 Curare
33:13 Champi Runner
33:54 Squires
34:32 Bracer
35:25 Scale Mail Armor
35:35 Forging
35:18 Champi Warrior
35:56 Arson
36:24 Elite Champi Warrior
40:11 Iron Casting
39:52 Chain Mail Armor
39:45 Caciques
42:55 Plate Mail Armor
anirone7589
9:15 Loom
11:14 Feudal Age
15:02 Castle Age
12:56 Double-Bit Axe
14:09 Horse Collar
15:47 Husbandry
19:15 Town Watch
24:40 Bow Saw
27:16 Gold Mining
27:17 Stone Mining
27:56 Scale Barding Armor
29:13 Bloodlines
29:45 Wheelbarrow
29:13 Heavy Plow
34:08 Imperial Age
32:08 Fletching
33:46 Hand Cart
33:34 Bodkin Arrow
34:01 Ballistics
33:52 Masonry
33:23 Treadmill Crane
34:25 Thumb Ring
34:43 Sipahi
35:25 Bombard Tower
35:16 Masonry
37:08 Conscription
38:04 Parthian Tactics
37:54 Heavy Cavalry Archer
FxSquale
8:30 Loom
10:43 Feudal Age
15:06 Castle Age
13:22 Double-Bit Axe
14:04 Horse Collar
16:27 Bow Saw
24:46 Wheelbarrow
24:26 Town Watch
26:19 Hand Cart
30:19 Imperial Age
27:59 Fletching
28:18 Gold Mining
29:01 Ballistics
28:39 Bodkin Arrow
28:44 Padded Archer Armor
29:13 Stone Mining
31:22 Conscription
31:46 Bracer
32:56 Chemistry
33:04 Silk Road
33:30 Leather Archer Armor
35:37 Elite Genoese Crossbowman
Lauti
4:29 Loom
6:47 Loom
9:38 Feudal Age
15:28 Castle Age
16:06 Fletching
16:18 Double-Bit Axe
16:14 Horse Collar
20:45 Bodkin Arrow
21:53 Crossbowman
24:57 Ballistics
26:08 Thumb Ring
26:05 Padded Archer Armor
27:44 Wheelbarrow
26:55 Town Watch
28:39 Wheelbarrow
31:17 Hand Cart
31:47 Bow Saw
35:48 Imperial Age
34:44 Leather Archer Armor
35:25 Bracer
35:27 Heavy Plow
35:18 Gold Mining
36:34 Chemistry
36:41 Ring Archer Armor
36:34 Arbalester
37:15 Elite Skirmisher
39:59 Pikeman
40:39 Squires
40:55 Halberdier
FreakinGorkha
6:49 Loom
9:06 Feudal Age
9:48 Double-Bit Axe
9:46 Horse Collar
19:27 Castle Age
21:01 Bow Saw
21:43 Husbandry
24:00 Bloodlines
26:02 Wheelbarrow
25:37 Scale Barding Armor
26:35 Light Cavalry
27:56 Gold Mining
27:56 Stone Mining
33:00 Imperial Age
30:52 Forging
31:44 Chain Barding Armor
33:56 Iron Casting
33:14 Heavy Camel Rider
35:08 Plate Barding Armor
35:29 Conscription
36:38 Blast Furnace
40:21 Fletching
40:34 Hussar
Connection lost

Rejoining the realm…

Still unreachable

The connection could not be restored.

Session expired

The server has moved on; the page needs a fresh start.